 Dungeon Crawl Stone Soup version 0.28-a0-297-g99b01970c5 (webtiles) character file.

Game seed: 17257206685002863042

1656 Conn the Firebug (level 9, -11/54 HPs)
             Began as an Octopode Fire Elementalist on Aug 29, 2021.
             Mangled by a troll (13 damage)
             ... on level 6 of the Dungeon.
             The game lasted 00:20:12 (7688 turns).

Conn the Firebug (Octopode Fire Elementalist)       Turns: 7688, Time: 00:20:12

Health: -11/54     AC:  1    Str: 10    XL:     9   Next: 0%
Magic:  5/18       EV: 13    Int: 23    God:
Gold:   156        SH:  0    Dex: 12    Spells: 4/20 levels left

rFire   + . .      SeeInvis .   a - staff of conjuration
rCold   x . .      Faith    .   (no shield)
rNeg    + . .      Spirit   .   (helmet restricted)
rPois   .          Reflect  .   (no amulet)
rElec   .          Harm     .   t - +6 ring of intelligence
rCorr   .          Rampage  .   u - ring "Goferu" {Fire rN+ Str+3 Int-4}
Will    .....                   (no ring)
Stlth   ++++......              (no ring)
HPRegen 0.18/turn               (no ring)
MPRegen 0.16/turn               (no ring)
                                (no ring)
                                (no ring)

@: no status effects
A: almost no armour, amphibious, 8 rings, camouflage 1, gelatinous body 1,
(nimble swimmer 1), tentacles
a: no special abilities


You were on level 6 of the Dungeon.
You visited 1 branch of the dungeon, and saw 6 of its levels.

You collected 306 gold pieces.
You spent 150 gold pieces at shops.

Inventory:

Hand Weapons
 d - a +0 short sword
Magical Staves
 a - a staff of conjuration (weapon)
Jewellery
 t - a +6 ring of intelligence (left tentacle)
 u - the ring "Goferu" (right tentacle) {Fire rN+ Str+3 Int-4}
   (You found it on level 4 of the Dungeon)

   [ring of fire]

   It enhances your fire magic.
   Str:       It affects your strength (+3).
   Int:       It affects your intelligence (-4).
   rF:        It protects you from fire.
   rC:        It makes you vulnerable to cold.
   rN:        It protects you from negative energy.
Wands
 j - a wand of flame (35)
 m - a wand of acid (11)
Scrolls
 c - 4 scrolls of enchant armour
 k - 3 scrolls of fog
 o - a scroll of immolation {unknown}
 q - a scroll of noise {unknown}
 r - a scroll of vulnerability {unknown}
 s - a scroll of holy word {unknown}
Potions
 e - 3 potions of might
 g - a potion of magic
 h - 4 potions of haste
 l - 3 potions of curing
 n - 2 potions of brilliance


   Skills:
 + Level 1.9 Fighting
 + Level 1.8 Staves
 + Level 3.3 Dodging
 + Level 5.0 Stealth
 + Level 6.0 Spellcasting
 + Level 5.2 Conjurations
 + Level 0.8 Hexes
 + Level 6.1 Fire Magic


You had 4 spell levels left.
You knew the following spells:

 Your Spells              Type           Power      Damage    Failure   Level
a - Foxfire               Conj/Fire      100%       2x1d9     1%          1
b - Conjure Flame         Conj/Fire      65%        6-21      2%          3
c - Inner Flame           Hex/Fire       34%        N/A       6%          3
d - Sticky Flame          Conj/Fire      65%        2d8       9%          4
e - Fireball              Conj/Fire      32%        3d14      24%         5

Your spell library contained the following spells:

 Spells                   Type           Power      Damage    Failure   Level


Dungeon Overview and Level Annotations

Branches:
Dungeon (6/15)
 Temple: D:4-7

Altars:
Fedhas
Makhleb
Wu Jian

Shops:
D:1 [   D:5 *:

Annotations:
D:5 Eustachio


Innate Abilities, Weirdness & Mutations

You cannot wear most types of armour.
You are amphibious.
You can wear up to eight rings at the same time.
Your skin changes colour to match your surroundings (Stealth+).
Your rubbery body absorbs attacks. (AC +1, EV +1)
((You are camouflaged near water. (Stealth+)))
You have tentacles for arms and can constrict up to eight enemies at once.


Message History

Casting: Foxfire (safe; 1% risk of failure)
Confirm with . or Enter, or press ? or * to list all spells.
Okay, then.
You feel much better. The troll bites you! The troll closely misses you.
The troll claws you!
* * * LOW HITPOINT WARNING * * *
The scorpion stings you.
* * * LOW HITPOINT WARNING * * *
You are lethally poisoned!
The scorpion poisons you!
Okay, then.
You feel much better.
You feel very sick. The scorpion stings you. The troll bites you!
* * * LOW HITPOINT WARNING * * *
The troll closely misses you. The troll misses you.
Okay, then.
Okay, then.
Okay, then.
You feel much better.
You feel sick. The scorpion misses you.
The troll barely misses you. x2; The troll misses you.
Casting: Foxfire (safe; 1% risk of failure)
Confirm with . or Enter, or press ? or * to list all spells.
Aiming: Sticky Flame (dangerous; 9% risk of failure)
Press: ? - help, Shift-Dir - straight line, f - troll
Aim: a troll (severely wounded, 100% to hit)
You feel a strong surge of power!
The sticky flame hits the troll.
The troll is severely wounded.
The troll is covered in liquid flames!
You feel sick.
The troll burns!
The scorpion stings you. The troll closely misses you.
The troll claws you but does no damage. The troll claws you!
* * * LOW HITPOINT WARNING * * *
The scorpion stings you.
* * * LOW HITPOINT WARNING * * *
You feel better.
The troll burns!
The white imp gestures at you. The puff of frost hits you!
You feel a terrible chill!
* * * LOW HITPOINT WARNING * * *
The troll misses you. The troll claws you!
You die...

........# ........#
#.......# ###+###.......#
#.............#
#.............#
#.....5.......# ♣
########@T.....+..
#......#.s.......♣
#......#.......#.
#......#.......#
#......#.......#
#......'.......#
#......#.......# ...
#......#.......#.....
#......#########......###


You could see a troll (burning), a scorpion and a white imp.

Vanquished Creatures
  Menkaure (D:5)
  2 water moccasins (D:6)
  An ogre (D:4)
  A phantom (D:5)
  A wyvern zombie (D:6)
  2 scorpions
  4 wights (D:5)
  A vampire bat (D:5)
  A centaur zombie (D:6)
  3 hounds
  An orc priest (D:3)
  A bullfrog skeleton (D:5)
  A gnoll shaman (D:5)
  Crazy Yiuf (D:3)
  3 iguanas
  Terence (D:2)
  A scorpion zombie (D:5)
  3 orc wizards
  A hound skeleton (D:5)
  A howler monkey zombie (D:5)
  4 gnolls (D:5)
  7 adders
  A white imp (D:4)
  An ufetubus (D:5)
  An adder skeleton (D:4)
  A dart slug (D:1)
  9 orcs
  3 bat skeletons (D:5)
  6 endoplasms
  5 giant cockroaches
  3 goblins
  7 hobgoblins
  2 jackals (D:4)
  4 quokkas
  15 ball pythons
  15 bats
  A frilled lizard (D:3)
  8 kobolds
  5 rats
129 creatures vanquished.

Vanquished Creatures (collateral kills)
  A bullfrog skeleton (D:5)
  Ijyb (D:5)
2 creatures vanquished.

Vanquished Creatures (others)
  518 foxfires
  11 fungi (D:5)
  A plant (D:1)
  3 toadstools (D:5)
533 creatures vanquished.

Grand Total: 664 creatures vanquished

Notes
Turn   | Place    | Note
-------+----------+-------------------------------------------
     0 | D:1      | Conn the Octopode Fire Elementalist began the quest for the
                  | Orb.
     0 | D:1      | Reached XP level 1. HP: 11/11 MP: 3/3
   279 | D:1      | Reached XP level 2. HP: 17/17 MP: 0/5
   382 | D:1      | Found a faded altar of an unknown god.
   413 | D:1      | Found Sotzug's Antique Armour Boutique.
  1036 | D:1      | Reached XP level 3. HP: 21/21 MP: 3/6
  1441 | D:2      | Noticed Terence
  1675 | D:1      | Learned a level 3 spell: Conjure Flame
  1679 | D:1      | Learned a level 3 spell: Inner Flame
  1844 | D:2      | Found a blossoming altar of Fedhas.
  2355 | D:3      | Reached XP level 4. HP: 27/27 MP: 1/8
  3016 | D:2      | Reached XP level 5. HP: 31/31 MP: 6/9
  3364 | D:2      | Killed Terence
  3662 | D:3      | Found a runed translucent door.
  3663 | D:3      | Noticed Crazy Yiuf
  3680 | D:3      | Killed Crazy Yiuf
  3916 | D:3      | Found an ornate altar of the Wu Jian Council.
  3918 | D:3      | You fall into a shaft and drop 3 floors!
  3960 | D:6      | Reached XP level 6. HP: 36/36 MP: 5/10
  4057 | D:6      | Noticed a water moccasin
  4063 | D:6      | Killed a water moccasin
  4346 | D:6      | Reached XP level 7. HP: 41/41 MP: 7/13
  4506 | D:5      | Entered Level 5 of the Dungeon
  4507 | D:5      | Found Lietof's Book Boutique.
  4586 | D:5      | Noticed Ijyb
  4596 | D:5      | Killed Ijyb
  4624 | D:5      | Found a burning altar of Makhleb.
  4765 | D:5      | Noticed Menkaure
  4769 | D:5      | Killed Menkaure
  4770 | D:5      | Reached skill level 5 in Fire Magic
  4812 | D:5      | Reached skill level 1 in Staves
  5038 | D:4      | Reached XP level 8. HP: 42/47 MP: 11/14
  6015 | D:4      | Identified the ring "Goferu" {Fire rN+ Str+3 Int-4}
  6405 | D:5      | Reached skill level 1 in Fighting
  6405 | D:5      | Reached skill level 5 in Spellcasting
  6498 | D:5      | Found Fanuv's General Store.
  6517 | D:5      | Bought 2 potions of heal wounds for 150 gold pieces
  6617 | D:5      | Noticed Eustachio
  7469 | D:5      | Learned a level 4 spell: Sticky Flame
  7475 | D:5      | Learned a level 5 spell: Fireball
  7504 | D:6      | Reached skill level 5 in Conjurations
  7672 | D:6      | Noticed a troll
  7683 | D:6      | Reached skill level 5 in Stealth
  7683 | D:6      | Reached XP level 9. HP: 13/54 MP: 8/18
  7688 | D:6      | HP: 2/54 [white imp/puff of frost (15)]
  7688 | D:6      | Mangled by a troll

Illustrated notes

Levels and vault maps discovered:
D:1:      lightli_molten_gateway, layout_basic, ebering_ecumenical_altar_webs,
          serial_forest, infiniplex_forest_diagonal, infiniplex_forest_3_way,
          infiniplex_forest_clump_double, infiniplex_forest_straight_2,
          infiniplex_forest_lined_3, infiniplex_forest_clump_long, serial_shops,
          shop_statue, chequers_serial_rivers_micro_b, minmay_tiny_reverse_x
D:2:      layout_loops_corners, basic_altar, uniq_terence
D:3:      layout_basic, nzn_wu_jian_contemplation, uniq_crazy_yiuf_cottage
D:4:      layout_loops_cross, minmay_close_crescents
D:5:      layout_loops_ring, kennysheep_mini_moat, serial_shops,
          nicolae_shop_trees, shop, minmay_gold_behind_fungi, kennysheep_nub,
          goddamned_bats, uniq_menkaure, uniq_ijyb, uniq_grinder, uniq_eustachio
D:6:      layout_gridville, minmay_temple_entry_trees,
          hangedman_abyss_or_decor_lesser_grid

Skill      XL: |  1  2  3  4  5  6  7  8 |
---------------+-------------------------+-----
Conjurations   | 2 3 4 5 |  5.2
Fire Magic     | 4 5 6 |  6.1
Spellcasting   | 3 4 6 |  6.0
Stealth        | 3 4 5 |  5.0
Dodging        | 3 |  3.3
Staves         | 1 |  1.8
Fighting       | 1 |  1.9
Hexes          | |  0.8

Action                   |  1- 3 |  4- 6 |  7- 9 || total
-------------------------+-------+-------+-------++-------
Melee: Unarmed           |     5 |       |       ||     5
       Short sword       |    22 |       |       ||    22
       Constrict         |     6 |       |    22 ||    28
       Tentacles         |     3 |     1 |     9 ||    13
       Staff             |     3 |     3 |    69 ||    75
Throw: Throwing net      |       |       |     2 ||     2
 Cast: Foxfire           |    76 |    78 |   169 ||   323
       Conjure Flame     |     1 |     5 |     5 ||    11
       Inner Flame       |     1 |     1 |     5 ||     7
       Sticky Flame      |       |       |     1 ||     1
  Use: Potion            |     2 |       |     7 ||     9
       Scroll            |       |     4 |     5 ||     9
 Stab: Sleeping          |     4 |       |     5 ||     9
Armor: Skin              |     3 |     1 |    22 ||    26
Dodge: Dodged            |    21 |     6 |    76 ||   103

Table legend: (Time is in decaauts)
 A = Elapsed time spent in this place.
 B = Non-inter-level travel time spent in this place.
 C = Inter-level travel time spent in this place.
 D = Time resting spent in this place.
 E = Time spent auto-exploring this place.
 F = Levels seen in this place.
 G = Mean time per level.
                   A        B        C        D        E       F      G
               +--------+--------+--------+--------+--------+-----+--------+
         Total |   7702 |   7595 |    107 |   1071 |   4625 |   6 | 1283.7 |
       Dungeon |   7702 |   7595 |    107 |   1071 |   4625 |   6 | 1283.7 |
               +--------+--------+--------+--------+--------+-----+--------+

Top non-repeatable levels by time:
     D:5: 1653 daAuts
     D:1: 1643 daAuts
     D:2: 1442 daAuts
     D:3: 1127 daAuts
     D:4: 1054 daAuts
     D:6: 781 daAuts
